 Dungeon Crawl Stone Soup version 0.30.1-11-g7821555f0a (webtiles) character file.

Game seed: 15014161439217372552

2082 H0rd4k the Twirler (level 9, 0/56 (58) HPs)
             Began as an Octopode Artificer on Nov 8, 2023.
             Was an Initiate of Gozag.
             Slain by a wight
             ... wielding a +0 trident
              (15 damage)
             ... on level 7 of the Dungeon.
             The game lasted 00:05:56 (6394 turns).

H0rd4k the Twirler (Octopode Artificer)             Turns: 6394, Time: 00:05:57

HP:   0/56 (58)     AC:  1    Str: 12    XL:     9   Next: 27%
MP:   18/18         EV: 14    Int: 17    God:    Gozag
Gold: 391           SH:  0    Dex: 12    Spells: 8/8 levels left

rFire   . . .        z - +7 lajatang of Order {silver, rMut}
rCold   . . .        (shield currently unavailable)
rNeg    + . .        (helmet restricted)
rPois   .            (no amulet)
rElec   .            n - ring of magical power
rCorr   +            m - ring of positive energy
SInv    .            B - ring of resist corrosion
Will    .....        (no ring)
Stlth   +++          (no ring)
HPRegen 0.29/turn    (no ring)
MPRegen 0.16/turn    (no ring)
                     (no ring)

%: resist mutation
@: marked, gold aura, lightly drained
A: almost no armour, amphibious, 8 rings, camouflage 1, gelatinous body 1,
(nimble swimmer 1), tentacles
a: Renounce Religion, Potion Petition, Call Merchant, Bribe Branch


You were on level 7 of the Dungeon.
You worshipped Gozag.
Gozag was aware of your devotion.
You visited 2 branches of the dungeon, and saw 8 of its levels.

You collected 508 gold pieces.
You paid 117 gold pieces to Gozag.

Inventory:

Hand Weapons
 z - the +7 lajatang of Order (weapon) {silver, rMut}
   (You found it on level 5 of the Dungeon)

   rMut:      It protects you from mutation.
Missiles
 A - 13 poisoned darts
Jewellery
 m - a ring of positive energy (right tentacle)
 n - a ring of magical power (left tentacle)
 B - a ring of resist corrosion (on tentacle)
Wands
 b - a wand of flame (29) (quivered)
 c - a wand of charming (14)
 d - a wand of iceblast (3)
 h - a wand of quicksilver (6)
Scrolls
 g - a scroll of magic mapping {unknown}
 j - 2 scrolls of fear {unknown}
 k - 11 scrolls of identify {unknown}
 l - 3 scrolls of vulnerability {unknown}
 q - 2 scrolls of teleportation {unknown}
 s - 2 scrolls of noise {unknown}
 t - 2 scrolls of poison {unknown}
 u - a scroll of acquirement {unknown}
 y - a scroll of amnesia {unknown}
 C - a scroll of immolation {unknown}
 E - a scroll of brand weapon {unknown}
Potions
 a - 2 potions of attraction {unknown}
 e - 3 potions of heal wounds
 f - a potion of might {unknown}
 i - 2 potions of mutation {unknown}
 o - 2 potions of lignification {unknown}
 p - 2 potions of flight {unknown}
 r - 3 potions of curing {unknown}
 v - a potion of magic {unknown}
 w - a potion of brilliance {unknown}
 x - 3 potions of ambrosia {unknown}
 D - a potion of degeneration {unknown}
 F - a potion of haste {unknown}


   Skills:
 + Level 3.9 Fighting
 * Level 7.7 Staves
 + Level 4.7 Dodging
 - Level 1.3 Stealth
 + Level 5.7 Unarmed Combat
 + Level 5.0 Evocations


You had 8 spell levels left.
You didn't know any spells.
Your spell library contained the following spells:

 Spells                   Type           Power      Damage    Failure   Level
 Kiss of Death            Conj/Necr      0%         2d5       24%         1
 Confusing Touch          Hex            0%         N/A       56%         3
 Dispel Undead            Necr           0%         3d6       93%         4


Dungeon Overview and Level Annotations

Branches:
Dungeon (7/15)             Temple (1/1) D:6

Altars:
Ashenzari
Cheibriados
Dithmenos
Fedhas
Gozag
Hepliaklqana
Kikubaaqudgha
Makhleb
Nemelex Xobeh
Qazlal
Ru
Sif Muna
Uskayaw
Vehumet
Wu Jian
Xom
The Shining One

Annotations:
D:4 exclusion: 2 downstairs


Innate Abilities, Weirdness & Mutations

You cannot wear most types of armour.
You are amphibious.
You can wear up to eight rings at the same time.
Your skin changes colour to match your surroundings (Stealth+).
Your rubbery body absorbs attacks. (AC +1, EV +1)
((You are camouflaged when in or above water. (Stealth+)))
You have tentacles for arms and can constrict up to eight enemies at once.


Message History

You closely miss the iguana. Your grab misses the iguana.
The iguana hisses menacingly.
The iguana closely misses you.
You barely miss the iguana. You grab the iguana. You squeeze the iguana.
The iguana is moderately wounded.
You constrict the iguana. The iguana misses you.
You hit the iguana. You squeeze the iguana.
The iguana is almost dead.
You constrict the iguana, but do no damage.
The iguana barely misses you.
You slash the iguana!
You kill the iguana!
A wight comes into view. It is wielding a +0 trident.
You see here 5 gold pieces.
The wight barely misses you.
A wight comes into view. It is wielding a +4 morningstar.
Found 13 gold pieces.
You barely miss the wight. You grab the wight.
You constrict the wight, but do no damage.
The wight misses you.
You hit the wight but do no damage.
You squeeze the wight, but do no damage.
You constrict the wight.
The wight hits you with a +4 morningstar!
You partially resist.
You feel drained.
The wight hits you from afar with a +0 trident!
You partially resist.
You feel drained.
You slash the wight!
The wight is almost destroyed.
You constrict the wight.
You destroy the wight!
The wight hits you from afar with a +0 trident!
A wight comes into view. It is wielding a +4 dagger.
Things that are here:
5 gold pieces; a +4 morningstar; a +0 robe The wight hits you with a +4 dagger.
* * * LOW HITPOINT WARNING * * *
You partially resist.
You feel drained. The wight hits you with a +0 trident!
You die...
Your body crumbles into a pile of gold.

# #.# #.#.# #.#
###.#.# #.# #.....#
#.. #.###.# #.#
#.####### #.#
#..[....###.#
#.....##.....##z#
#...####.....##@##
..........(....$z.#
.#...##.##..$.##..#
##. #. ####.##.$# #
. ......# ##
........ ###.###.##
#.# .# #.# .#


You could see 2 wights.

Vanquished Creatures
  Pikel (D:6)
  A wyvern (D:7)
  A water moccasin (D:6)
  2 ice beasts (D:5)
  3 ogres
  A lemure (D:6)
  A kobold brigand (D:5)
  A bullfrog (D:5)
  2 scorpions (D:5)
  A wight (D:7)
  A howler monkey (D:7)
  3 hounds
  An orc priest (D:4)
  2 jellies (D:5)
  4 orc wizards
  An iguana (D:7)
  11 adders
  5 white imps
  An ufetubus (D:5)
  3 worms
  6 dart slugs
  18 orcs
  12 endoplasms
  5 giant cockroaches
  6 goblins
  8 hobgoblins
  3 jackals (D:1)
  5 quokkas
  9 ball pythons
  6 bats
  4 frilled lizards
  14 kobolds
  2 rats (D:2)
144 creatures vanquished.

Vanquished Creatures (collateral kills)
  4 kobolds (D:5)
4 creatures vanquished.

Grand Total: 148 creatures vanquished

Notes
Turn   | Place    | Note
-------+----------+-------------------------------------------
     0 | D:1      | H0rd4k the Octopode Artificer began the quest for the Orb.
     0 | D:1      | Reached XP level 1. HP: 13/13 MP: 1/1
    71 | D:1      | Reached XP level 2. HP: 3/18 MP: 2/2
   396 | D:1      | Reached XP level 3. HP: 23/23 MP: 3/3
   624 | D:1      | Reached skill level 1 in Unarmed Combat
  1287 | D:2      | Reached XP level 4. HP: 28/28 MP: 4/4
  2260 | D:3      | Reached XP level 5. HP: 24/33 MP: 5/5
  2383 | D:3      | Found a shimmering blue altar of Sif Muna.
  2440 | D:3      | Found a sparkling altar of Nemelex Xobeh.
  3185 | D:4      | Found a sacrificial altar of Ru.
  3185 | D:4      | Found a hide-covered altar of Uskayaw.
  3221 | D:4      | Reached XP level 6. HP: 37/38 MP: 6/6
  3417 | D:4      | Found a shadowy altar of Dithmenos.
  3550 | D:4      | Found a broken altar of Ashenzari.
  3642 | D:5      | Entered Level 5 of the Dungeon
  3642 | D:5      | Noticed an ice beast
  3904 | D:5      | Found a stormy altar of Qazlal.
  4064 | D:5      | Killed an ice beast
  4065 | D:5      | Reached skill level 5 in Unarmed Combat
  4065 | D:5      | Reached XP level 7. HP: 45/45 MP: 7/7
  4073 | D:5      | Found the +7 lajatang of Order {silver, rMut}
  4084 | D:5      | Found a faded altar of an unknown god.
  4262 | D:5      | Found a blossoming altar of Fedhas.
  4388 | D:5      | Reached skill level 1 in Staves
  4612 | D:5      | Reached skill level 2 in Staves
  4838 | D:5      | Reached XP level 8. HP: 48/52 MP: 8/8
  4873 | D:5      | Reached skill level 3 in Staves
  5013 | D:5      | Reached skill level 5 in Evocations
  5228 | D:6      | Found a staircase to the Ecumenical Temple.
  5243 | Temple   | Entered the Ecumenical Temple
  5376 | D:6      | Found an opulent altar of Gozag.
  5501 | D:6      | Became a worshipper of Gozag Ym Sagoz the Greedy
  5561 | D:6      | Reached skill level 4 in Staves
  5611 | D:6      | Noticed Pikel
  5624 | D:6      | Killed Pikel
  5625 | D:6      | Reached skill level 6 in Staves
  5841 | D:6      | Reached XP level 9. HP: 50/58 MP: 9/9
  5960 | D:6      | Reached skill level 7 in Staves
  6243 | D:6      | Found a burning altar of Makhleb.
  6243 | D:6      | Found a hazy altar of Hepliaklqana.
  6394 | D:7      | Slain by a wight

Illustrated notes

Levels and vault maps discovered:
D:1:      onia_arrival_mini_spirals, layout_loops_ring, serial_bayou,
          serial_bayou_lagoon_b, serial_bayou_pond_a, serial_bayou_pond_b,
          serial_bayou_pond_a
D:2:      minmay_thinvault, layout_loops_ring, hangedman_decor_opposing
D:3:      layout_loops_ring, old_standard_altar, lemuel_tele_altar,
          serial_bayou, serial_bayou_shore_b, serial_bayou_lagoon_a,
          serial_bayou_pond_c, serial_bayou_pond_a
D:4:      layout_cave_pools, general_overflow_altar,
          nicolae_dithmenos_the_darkroom, mainiacjoe_overflow_divided_tiny
D:5:      layout_cave_pods, marbit_many_paths, mainiacjoe_overflow_alcove_1,
          serial_column_ruins, column_ruins_temple_circle, column_ruins_hut,
          column_ruins_grid_1, column_ruins_grid_1, column_ruins_open_small,
          column_ruins_open_small, column_ruins_open_small,
          column_ruins_open_medium, st_stairs_10,
          hangedman_decor_clover_reticule, hangedman_abyss_or_decor_lesser_grid
D:6:      layout_basic, grunt_gozag_breadcrumbs,
          gammafunk_temple_overflow_statue, minmay_temple_entry_glassed_door,
          uniq_pikel
D:7:      layout_loops_ring, kennysheep_ying_yang, enter_bailey_2, st_stairs_4,
          hangedman_glass_teeth, kennysheep_generic_room_4
Temple:   nicolae_temple_two_arcs

Skill      XL: |  1  2  3  4  5  6  7  8  9 |
---------------+----------------------------+-----
Evocations     | 4 5 |  5.0
Unarmed Combat | 1 2 3 5 |  5.7
Dodging        | 3 4 |  4.7
Fighting       | 2 3 |  3.9
Staves         | 2 6 7 |  7.7
Stealth        | |  1.3

Action                     |  1- 3 |  4- 6 |  7- 9 || total
---------------------------+-------+-------+-------++-------
  Melee: Unarmed           |    98 |   178 |       ||   276
         Constrict         |    21 |    53 |    14 ||    88
         Tentacles         |    20 |    44 |    13 ||    77
         Punch             |     2 |     5 |       ||     7
         Lajatang          |       |       |    87 ||    87
  Evoke: Wand              |       |    13 |     3 ||    16
    Use: Potion            |       |     1 |       ||     1
   Stab: Sleeping          |     7 |    10 |     5 ||    22
 Armour: Skin              |     8 |    14 |     2 ||    24
  Dodge: Dodged            |    48 |    97 |    55 ||   200
